 Dungeon Crawl Stone Soup version 0.25-a0-424-g80bd347ae0 (webtiles) character file.

Game seed: 13181122813433241482, levelgen mode: deterministic

434 Kohma the Chiller (level 7, -7/55 HPs)
             Began as a Naga Ice Elementalist on Jan 23, 2020.
             Killed by divine providence
             ... invoked by an orc priest
              (14 damage)
             ... on level 5 of the Dungeon.
             The game lasted 00:16:46 (5124 turns).

Kohma the Chiller (Naga Ice Elementalist)           Turns: 5124, Time: 00:16:47

Health: -7/55      AC:  5    Str: 10    XL:     7   Next: 0%
Magic:  0/13       EV: 11    Int: 16    God:
Gold:   348        SH:  0    Dex: 13    Spells: 10/14 levels left

rFire    . . .     SeeInvis +   j - +2 dagger (speed)
rCold    . . .     Gourm    .   (no shield)
rNeg     . . .     Faith    .   a - +0 robe
rPois    +         Spirit   .   (no helmet)
rElec    .         Reflect  .   g - +1 cloak
rCorr    .         Harm     .   (no gloves)
MR       .....                  (no barding)
Stlth    ++........             (no amulet)
HPRegen  0.18/turn              (no ring)
MPRegen  0.13/turn              (no ring)

@: very slow
A: large, see invisible, deformed body, poison resistance, slowness 2, slow
metabolism 1, spit poison 1, AC +2
a: Spit Poison


You were on level 5 of the Dungeon.
You were hungry.

You visited 1 branch of the dungeon, and saw 5 of its levels.

You collected 348 gold pieces.

Inventory:

Hand Weapons
 j - a +2 dagger of speed (weapon)
 m - a +0 glaive
 n - a +0 long sword
 r - a +0 falchion
 t - a cursed -1 hand crossbow
Missiles
 e - 38 poisoned darts (quivered)
 o - 109 bolts
 p - 22 sling bullets
 q - 28 arrows
Armour
 a - a +0 robe (worn)
 g - a +1 cloak (worn)
Scrolls
 h - a scroll of identify
 i - 3 scrolls of fog
 l - 6 scrolls of remove curse
Potions
 d - 5 potions of curing
 f - 3 potions of magic
 k - a potion of mutation
 s - a potion of berserk rage
 u - a potion of flight
 v - a potion of agility {unknown}
 w - a potion of lignification {unknown}
 x - a potion of heal wounds {unknown}
 z - a potion of degeneration {unknown}
Comestibles
 c - 9 rations


   Skills:
 + Level 2.8 Dodging
 - Level 3.0 Stealth
 * Level 4.2 Spellcasting
 + Level 1.9 Charms
 * Level 5.8 Ice Magic


You had 10 spell levels left.
You knew the following spells:

 Your Spells              Type           Power        Failure   Level  Hunger
a - Freeze                Ice            ###.         1%          1    None
b - Ozocubu's Armour      Chrm/Ice       ###.....     10%         3    ###....

Your spell library contained the following spells:

 Spells                   Type           Power        Failure   Level  Hunger
 Hailstorm                Conj/Ice       ##......     45%         4    ####...
 Summon Ice Beast         Ice/Summ       ##......     45%         4    ####...


Dungeon Overview and Level Annotations

Branches:
Dungeon (5/15)
 Temple: D:4-7

Altars:
Sif Muna

Portals:
Sewer: D:5


Innate Abilities, Weirdness & Mutations

You cannot wear boots.
Your serpentine skin is tough. (AC +2)
You have supernaturally acute eyesight. (SInv)
Armour fits poorly on your strangely shaped body.
Your system is resistant to poisons. (rPois)
You cover ground very slowly.
You have a slow metabolism.
You can spit poison.


Message History

The orc priest closely misses you.
Casting: Freeze (safe; 1% risk of failure)
Confirm with . or Enter, or press ? or * to list all spells.
Aiming: Freeze (safe; 1% risk of failure)
Press: ? - help, Shift-Dir - straight line, f/p - orc priest
Aim: an orc priest, wielding a +0 trident (moderately wounded, very poisoned)
You freeze the orc priest.
The orc priest is moderately wounded.
Casting: Freeze (safe; 1% risk of failure)
Confirm with . or Enter, or press ? or * to list all spells.
Aiming: Freeze (safe; 1% risk of failure)
Press: ? - help, Shift-Dir - straight line, f - orc wizard, p - orc priest
Aim: an orc wizard, wielding a +0 dagger and wearing a +0 robe (fast)
You freeze the orc wizard!
The orc wizard is severely wounded.
The orc wizard mumbles some strange words.
The orc wizard blinks!
The orc priest mumbles some strange prayers to Beogh against you.
Beogh smites you!
You die...

#.......####
##..........#
#...#######.# #
#...#≈≈≈≈≈#.# .
#.##..#≈≈∩SS+.# ..
......#≈SSSS#.# .#.
#..#######.#
....####(o.(o§@...#
......#....########
............##
.......<...$!#
..............#
#......#####...#
......# ...>.
.#.#.. ..... # .##
#..#


You could see an orc priest, an orc wizard and 6 adders.

Vanquished Creatures
  A slave (D:5)
  A big kobold (D:4)
  2 hounds (D:4)
  2 orc priests
  2 orc wizards
  A worker ant (D:4)
  5 adders
  An ooze (D:2)
  3 worms
  2 dart slugs
  A leopard gecko (D:2)
  6 orcs
  7 giant cockroaches
  11 hobgoblins
  2 jackals (D:4)
  5 quokkas
  2 ball pythons
  10 bats
  6 frilled lizards
  18 goblins
  11 kobolds
  A quokka skeleton (D:4)
  A quokka zombie (D:4)
  7 rats
108 creatures vanquished.

Notes
Turn   | Place    | Note
-------+----------+-------------------------------------------
     0 | D:1      | Kohma the Naga Ice Elementalist began the quest for the
                  | Orb.
     0 | D:1      | Reached XP level 1. HP: 15/15 MP: 3/3
   284 | D:1      | Reached XP level 2. HP: 20/22 MP: 0/5
  1144 | D:2      | Reached XP level 3. HP: 28/28 MP: 3/6
  1286 | D:2      | Learned a level 3 spell: Ozocubu's Armour
  1872 | D:2      | Reached XP level 4. HP: 26/36 MP: 1/8
  2881 | D:3      | Reached skill level 1 in Charms
  2881 | D:3      | Reached XP level 5. HP: 36/42 MP: 4/9
  2886 | D:3      | Reached skill level 5 in Ice Magic
  3783 | D:4      | Found a shimmering blue altar of Sif Muna.
  4065 | D:4      | Noticed a big kobold
  4277 | D:4      | Killed a big kobold
  4277 | D:4      | Reached XP level 6. HP: 27/49 MP: 1/11
  5093 | D:5      | Entered Level 5 of the Dungeon
  5093 | D:5      | Found a glowing drain.
  5093 | D:5      | Noticed a slave
  5111 | D:5      | Killed a slave
  5113 | D:5      | Reached XP level 7. HP: 39/55 MP: 3/13
  5124 | D:5      | Killed from afar by an orc priest

Levels and vault maps discovered:
D:1:      beargit_arrival_greenhouse, layout_rooms
D:2:      layout_basic, kennysheep_generic_room_13
D:3:      kennysheep_the_goblin_king, layout_loops_ring, first_ration
D:4:      cheibrodos_thug_alley, layout_loops_ring, lemuel_doored_altar,
          minmay_misc_feat_diagonals, minmay_hedge_maze
D:5:      lemuel_upstairs_altar, layout_cave_pools, slow_altar_2,
          gup_sewer_entry_glass, uniq_pikel

Skill      XL: |  1  2  3  4  5  6 |
---------------+-------------------+-----
Dodging        | 2 |  2.8
Spellcasting   | 3 4 |  4.2
Charms         | 1 |  1.9
Ice Magic      | 5 |  5.8
Stealth        | |  3.0

Action                   |  1- 3 |  4- 6 |  7- 9 || total
-------------------------+-------+-------+-------++-------
Melee: Unarmed           |     5 |       |       ||     5
       Club              |    31 |       |       ||    31
       Dagger            |    16 |    61 |       ||    77
Throw: Dart              |     7 |     8 |     4 ||    19
 Cast: Freeze            |    48 |    95 |     5 ||   148
       Ozocubu's Armour  |       |     5 |       ||     5
  Use: Scroll            |       |    13 |       ||    13
 Stab: Sleeping          |     3 |     4 |       ||     7
  Eat: Chunk             |     2 |     8 |       ||    10
Armor: Robe              |    23 |    24 |     1 ||    48
Dodge: Dodged            |    58 |    53 |     2 ||   113

Table legend:
 A = Non-vault XP
 B = Vault XP
 C = Vault XP percentage of total XP
 D = Non-vault monster count
 E = Vault monster count
 F = Vault count percentage of total count
                 A         B        C        D         E       F
            +---------+---------+-------+---------+---------+-------
      Total |     494 |     127 |  20.5 |      89 |      18 |  16.8
            +---------+---------+-------+---------+---------+-------
        D:1 |      32 |       0 |   0.0 |      22 |       0 |   0.0
        D:2 |      86 |       3 |   3.4 |      29 |       2 |   6.5
        D:3 |     156 |      14 |   8.2 |      23 |       7 |  23.3
        D:4 |     136 |     110 |  44.7 |      12 |       9 |  42.9
        D:5 |      84 |       0 |   0.0 |       3 |       0 |   0.0
            +---------+---------+-------+---------+---------+-------
